Map: Orbital Shipyard

Players

탁구왕김제빵 - Winner!

  • Race: Terran Terran
  • League: Diamond

ILLBdA

  • Race: Protoss Protoss
  • League: Diamond

VOD

Have the link to the VOD?

Description

Time

  • Played on: Dec. 29, 2015, 7:39 a.m.
  • Length: 3:55
Show
View Real Time Build Order
Export as new Build Order

탁구왕김제빵 Terran - Winner!

Build Orders: 1/1/1, Hellion Opening 

Get SALT Encoding   

  12  0:01  SCV  
  13  0:13  SCV  
  14  0:17  Supply Depot  
  14  0:25  SCV  
  15  0:30  Refinery  
  15  0:39  SCV  
  16  0:44  Barracks  
  16  0:51  SCV  
  17  0:58  Refinery  
  17  1:03  SCV  
  18  1:13  Supply Depot  
  18  1:15  SCV  
  19  1:27  SCV  
  20  1:34  Factory  
  20  1:39  Barracks Reactor  
  20  1:41  SCV  
  21  1:53  Orbital Command  
  21  2:18  Starport  
  21  2:24  Barracks Reactor  
  21  2:26  Hellion  
  21  2:27  Hellion  
  21  2:29  SCV  
  26  2:36  Supply Depot  
  26  2:48  Hellion x2  
  30  2:53  SCV  
  31  3:09  Hellion x2  
  31  3:10  Viking  
  37  3:13  Marine  
  38  3:27  Supply Depot  
  38  3:30  Supply Depot  
Show
View Real Time Build Order
Export as new Build Order

ILLBdA Protoss 

Build Orders: Oracle Opening 

Get SALT Encoding   

  12  0:01  Probe (Chrono Boost)  
  13  0:11  Probe (Chrono Boost)  
  14  0:19  Pylon  
  14  0:22  Probe (Chrono Boost)  
  15  0:37  Probe (Chrono Boost)  
  15  0:38  Gateway  
  15  0:41  Assimilator  
  16  0:47  Probe (Chrono Boost)  
  17  0:58  Probe (Chrono Boost)  
  17  0:59  Assimilator  
  18  1:08  Probe (Chrono Boost)  
  19  1:19  Probe (Chrono Boost)  
  20  1:26  Cybernetics Core  
  20  1:30  Probe (Chrono Boost)  
  21  1:40  Probe (Chrono Boost)  
  21  1:41  Pylon  
  22  2:02  Mothership Core (Chrono Boost)  
  22  2:03  Nexus  
  22  2:06  Adept (Chrono Boost)  
  26  2:21  Probe (Chrono Boost)  
  27  2:32  Stargate  
  27  2:38  Probe (Chrono Boost)  
  27  2:44  Pylon  
  28  2:48  Probe (Chrono Boost)  
  29  2:54  Pylon  
  29  2:55  Pylon  
  29  2:59  Pylon  
  27  3:05  Stalker  
  30  3:16  Oracle  
  33  3:36  Probe (Chrono Boost)  
  33  3:39  Pylon  
  33  3:40  Pylon  
Tags
 
Add a new tag
Caveats
  • Supply blocks, unpowered buildings, or Contaminate may cause inaccurate times.
  • Supply counts are checked every 10 seconds.